Map: Romanticide LE

Players

Trap - Winner!

  • Race: Protoss Protoss
  • League: Master

DPGZest (Zest)

  • Race: Protoss Protoss

Event: TSL 7

VOD

Have the link to the VOD?

Description

Time

  • Played on: June 27, 2021, 12:27 p.m.
  • Length: 9:35

All games in this series

Show
View Real Time Build Order
Export as new Build Order

Trap Protoss - Winner!

Build Orders:  

Get SALT Encoding   

  12  0:00  Probe  
  13  0:12  Probe  
  14  0:17  Pylon  
  14  0:24  Probe (Chrono Boost)  
  15  0:36  Probe (Chrono Boost), Gateway  
  16  0:45  Probe (Chrono Boost)  
  16  0:46  Assimilator  
  17  0:50  Probe  
  18  0:59  Assimilator  
  18  1:03  Probe (Chrono Boost)  
  19  1:09  Gateway  
  19  1:14  Probe (Chrono Boost)  
  20  1:19  Probe (Chrono Boost)  
  20  1:25  Cybernetics Core  
  21  1:29  Probe  
  22  1:34  Pylon  
  22  1:41  Probe  
  23  1:53  Probe  
  24  1:58  Warp Gate (Chrono Boost)  
  24  2:01  Stalker x2  
  28  2:12  Pylon  
  28  2:24  Pylon  
  28  2:31  Stalker x2  
  32  2:41  Gateway  
  31  2:49  Robotics Facility  
  31  3:01  Stalker  
  33  3:05  Stalker  
  33  3:12  Shield Battery  
  35  3:30  Pylon  
  35  3:33  Warp Prism (Chrono Boost)  
  37  3:45  Stalker  
  39  3:53  Stalker  
  41  3:58  Stalker  
  44  4:03  Observer  
  44  4:10  Pylon  
  44  4:15  Sentry  
  46  4:18  Pylon  
  44  4:32  Immortal (Chrono Boost)  
  48  4:40  Sentry  
  50  5:01  Pylon  
  50  5:04  Immortal (Chrono Boost)  
  54  5:15  Gateway  
  54  5:20  Gateway  
  54  5:29  Shield Battery  
  54  5:44  Immortal  
  58  5:52  Sentry  
  60  6:04  Robotics Bay  
  60  6:26  Pylon  
  60  6:32  Immortal (Chrono Boost)  
  63  6:37  Pylon  
  63  7:04  Colossus (Chrono Boost)  
  69  7:13  Stalker  
  69  7:14  Stalker  
  69  7:15  Stalker  
  75  7:22  Pylon  
  71  7:51  Sentry, Adept  
  71  7:52  Adept  
  77  8:01  Pylon  
  77  8:14  Stalker x2  
  77  8:15  Stalker  
  80  8:43  Stalker x3  
  74  9:07  Stalker  
  74  9:08  Stalker  
Show
View Real Time Build Order
Export as new Build Order

DPGZest Protoss 

Build Orders:  

Get SALT Encoding   

  12  0:00  Probe  
  13  0:12  Probe  
  14  0:17  Pylon  
  14  0:24  Probe (Chrono Boost)  
  15  0:36  Probe (Chrono Boost), Gateway  
  16  0:44  Probe (Chrono Boost)  
  16  0:45  Assimilator  
  17  0:51  Probe  
  17  0:54  Assimilator  
  18  1:03  Probe (Chrono Boost)  
  19  1:07  Gateway  
  19  1:13  Probe (Chrono Boost)  
  19  1:18  Probe (Chrono Boost)  
  20  1:23  Cybernetics Core  
  21  1:29  Probe  
  22  1:34  Pylon  
  22  1:41  Probe  
  24  1:59  Adept x2  
  24  2:00  Warp Gate  
  28  2:06  Robotics Facility  
  27  2:15  Pylon  
  27  2:29  Adept x2  
  31  2:50  Immortal (Chrono Boost)  
  31  2:58  Shield Battery  
  35  3:15  Pylon  
  35  3:20  Immortal (Chrono Boost)  
  39  3:30  Gateway  
  39  3:51  Warp Prism (Chrono Boost)  
  39  3:52  Sentry x2  
  45  3:59  Pylon  
  45  4:10  Pylon  
  45  4:17  Sentry x2  
  49  4:29  Observer (Chrono Boost)  
  50  4:47  Stalker x3  
  56  4:53  Pylon  
  56  5:16  Twilight Council  
  56  5:21  Observer  
  56  5:26  Nexus  
  56  5:48  Blink (Chrono Boost)  
  56  5:50  Stalker x3  
  62  6:23  Pylon  
  62  6:26  Stalker x3  
  68  6:45  Shield Battery  
  68  6:46  Shield Battery  
  68  6:52  Stalker  
  70  7:04  Stalker x2  
  74  7:22  Stalker  
  76  7:28  Stalker  
  78  7:32  Pylon  
  74  7:45  Stalker  
  74  7:46  Stalker  
  72  7:59  Stalker  
  74  8:13  Stalker x2  
  78  8:24  Stalker  
  80  8:31  Observer  
  76  8:45  Stalker  
  72  8:50  Stalker x2  
  34  9:12  Stalker  
Tags
 
Event
TSL 7
League
Master
Matchup
PvP
Player
TrapZest
Add a new tag
Caveats
  • Supply blocks, unpowered buildings, or Contaminate may cause inaccurate times.
  • Supply counts are checked every 10 seconds.